 Dungeon Crawl Stone Soup version 0.27.1-3-gb3d3a73c9e (webtiles) character file.

Game seed: 16512898089670679251

17 Atelerd the Digger (level 2, -2/17 HPs)
             Began as an Octopode Earth Elementalist on Oct 10, 2021.
             Slain by a jackal (3 damage)
             ... on level 1 of the Dungeon.
             The game lasted 00:00:45 (1183 turns).

Atelerd the Digger (Octopode Earth Elementalist)    Turns: 1183, Time: 00:00:45

Health: -2/17      AC:  1    Str:  7    XL:     2   Next: 62%
Magic:  2/5        EV: 13    Int: 17    God:
Gold:   36         SH:  0    Dex: 12    Spells: 4/5 levels left

rFire    . . .     SeeInvis .   c - +0 dagger
rCold    . . .     Faith    .   (no shield)
rNeg     . . .     Spirit   .   (helmet restricted)
rPois    .         Reflect  .   (no amulet)
rElec    .         Harm     .   h - ring of wizardry
rCorr    .         Rampage  .   (no ring)
Will     .....                  (no ring)
Stlth    +++.......             (no ring)
HPRegen  0.05/turn              (no ring)
MPRegen  0.09/turn              (no ring)
                                (no ring)
                                (no ring)

@: no status effects
A: almost no armour, amphibious, 8 rings, camouflage 1, gelatinous body 1,
(nimble swimmer 1), tentacles
a: no special abilities


You were on level 1 of the Dungeon.
You visited 1 branch of the dungeon, and saw 2 of its levels.

You collected 36 gold pieces.

Inventory:

Hand Weapons
 c - a +0 dagger (weapon)
Missiles
 b - 37 stones
Jewellery
 h - a ring of wizardry (left tentacle)
Scrolls
 e - a scroll of enchant armour {unknown}
 f - a scroll of blinking {unknown}
 g - a scroll of teleportation {unknown}
 i - a scroll of noise {unknown}
 j - a scroll of fear {unknown}
Potions
 a - 2 potions of flight {unknown}
 d - a potion of might {unknown}


   Skills:
 - Level 2.0 Dodging
 + Level 3.1 Stealth
 + Level 2.2 Spellcasting
 + Level 1.3 Transmutations
 * Level 3.3 Earth Magic


You had 4 spell levels left.
You knew the following spells:

 Your Spells              Type           Power      Damage    Failure   Level
a - Sandblast             Erth           26%        2d8       1%          1

Your spell library contained the following spells:

 Spells                   Type           Power      Damage    Failure   Level
 Passwall                 Tmut/Erth      7%         N/A       4%          2
 Animate Skeleton         Necr           2%         N/A       8%          1
 Pain                     Necr           4%         1d4       8%          1
 Stone Arrow              Conj/Erth      14%        3d7       12%         3
 Vampiric Draining        Necr           0%         2d6       22%         3
 Petrify                  Tmut/Erth      9%         N/A       28%         4


Dungeon Overview and Level Annotations

Branches:
Dungeon (2/15)

Altars:


Innate Abilities, Weirdness & Mutations

You cannot wear most types of armour.
You are amphibious.
You can wear up to eight rings at the same time.
Your skin changes colour to match your surroundings (Stealth+).
Your rubbery body absorbs attacks. (AC +1, EV +1)
((You are camouflaged near water. (Stealth+)))
You have tentacles for arms and can constrict up to eight enemies at once.


Message History

The blast of sand hits the jackal.
The jackal is almost dead.
The jackal misses you. The jackal bites you. The quokka closely misses you.
The jackal closely misses you. The quokka barely misses you.
There is a stone staircase leading up here.
The jackal bites you. The jackal closely misses you. The jackal misses you.
The jackal bites you but does no damage.
The quokka bites you.
You climb upwards.
There is a stone staircase leading down here.
Casting: Sandblast (safe; 1% risk of failure)
Confirm with . or Enter, or press ? or * to list all spells.
Aiming: Sandblast (safe; 1% risk of failure)
Press: ? - help, Shift-Dir - straight line, f - quokka
Aim: a quokka (71% to hit)
The blast of sand hits the quokka.
The quokka is moderately wounded.
The jackal barely misses you. x2
The jackal bites you but does no damage.
The quokka barely misses you. The jackal barely misses you.
Casting: Sandblast (safe; 1% risk of failure)
Confirm with . or Enter, or press ? or * to list all spells.
Aiming: Sandblast (safe; 1% risk of failure)
Press: ? - help, Shift-Dir - straight line, f/p - quokka
Aim: a quokka (moderately wounded, 71% to hit)
The blast of sand hits the quokka!
You kill the quokka!
The jackal bites you.
* * * LOW HITPOINT WARNING * * *
The jackal bites you.
* * * LOW HITPOINT WARNING * * *
The jackal bites you.
* * * LOW HITPOINT WARNING * * *
The jackal misses you.
Unknown command.
Unknown command.
The jackal bites you but does no damage.
The jackal bites you.
You die...

.....# #.#...##.# #....#
###########.#.####.# #.####
#....)......#....#.#
#.##########################.#.#
..#...........#........# #.#.#
###...........#..[.....#####.#.#
###...........#.h.........##.#.#
...............hh####.###.##.#.#
#.#...........##@# #.#.#.##.#.#
#.#...........##.# #.#...##.#.#
#.##############.# #.#......#.#
#.......# #.####.########.#
#.#####.# #......# #.# #.# #.#
######## #.# #.# #.# #.# #.# #.#
#.# #.#####.# #.#


You could see 3 jackals.

Vanquished Creatures
  A dart slug (D:1)
  2 ball pythons (D:1)
  2 endoplasms (D:1)
  A goblin (D:1)
  2 hobgoblins (D:1)
  A quokka (D:1)
  A bat (D:1)
  2 frilled lizards (D:1)
  A kobold (D:1)
  A rat (D:1)
14 creatures vanquished.

Notes
Turn   | Place    | Note
-------+----------+-------------------------------------------
     0 | D:1      | Atelerd the Octopode Earth Elementalist began the quest for
                  | the Orb.
     0 | D:1      | Reached XP level 1. HP: 11/11 MP: 3/3
   637 | D:1      | Reached XP level 2. HP: 17/17 MP: 3/5
  1183 | D:1      | Slain by a jackal

Illustrated notes

Levels and vault maps discovered:
D:1:      dpeg_arrival_orchard, layout_basic, hangedman_decor_lopped
D:2:      layout_basic

Skill      XL: |  1  2 |
---------------+-------+-----
Stealth        | 3 |  3.1
Dodging        | |  2.0
Spellcasting   | |  2.2
Transmutations | |  1.3
Earth Magic    | |  3.3

Action                   || total
-------------------------++-------
Melee: Unarmed           ||     2
       Tentacles         ||     2
       Dagger            ||    13
       Constrict         ||     2
 Cast: Sandblast         ||    13
 Stab: Sleeping          ||     1
Armor: Skin              ||     5
Dodge: Dodged            ||    24
